 Dungeon Crawl Stone Soup version 0.30-a0-459-g9104f0fc43 (webtiles) character file.

Game seed: 13378846996248289303

73 Khashishi the Conjurer (level 4, -3/25 (34) HPs)
             Began as a Demonspawn Reaver on Dec 15, 2022.
             Was a Believer of Dithmenos.
             Slain by an orc
             ... wielding a +0 trident
              (6 damage)
             ... on level 3 of the Dungeon.
             The game lasted 00:09:29 (1470 turns).

Khashishi the Conjurer (Demonspawn Reaver)          Turns: 1470, Time: 00:09:29

HP:   -3/25 (34)    AC:  5    Str: 13    XL:     4   Next: 8%
MP:   7/7           EV: 11    Int: 16    God:    Dithmenos [**....]
Gold: 140           SH:  4    Dex: 17    Spells: 6/7 levels left

rFire   . . .      SeeInvis .    a - +0 mace
rCold   . . .      Faith    .    k - +0 buckler
rNeg    + . .      Spirit   .    b - +0 leather armour
rPois   .          Reflect  .    (helmet restricted)
rElec   .          Harm     .    r - +0 cloak
rCorr   .          Rampage  .    (no gloves)
Will    .....                    t - +0 pair of boots
Stlth   ++........               (no amulet)
HPRegen 0.24/turn                g - +6 ring of dexterity
MPRegen 0.10/turn                j - ring of positive energy

@: wreathed by umbra, very heavily drained
A: horns 1
a: Renounce Religion, Shadow Step


You were on level 3 of the Dungeon.
You worshipped Dithmenos.
Dithmenos was pleased with you.
You visited 1 branch of the dungeon, and saw 3 of its levels.

You collected 140 gold pieces.

Inventory:

Hand Weapons
 a - a +0 mace (weapon)
Missiles
 c - 18 stones (quivered)
Armour
 b - a +0 leather armour (worn)
 k - a +0 buckler (worn)
 r - a +0 cloak (worn)
 t - a +0 pair of boots (worn)
Jewellery
 g - a +6 ring of dexterity (left hand)
 j - a ring of positive energy (right hand)
Scrolls
 d - 2 scrolls of fear {unknown}
 e - 2 scrolls of teleportation {unknown}
 f - 6 scrolls of identify {unknown}
 h - a scroll of silence {unknown}
 i - a scroll of fog {unknown}
 l - 2 scrolls of magic mapping {unknown}
 m - a scroll of blinking {unknown}
 o - 3 scrolls of enchant armour {unknown}
 p - a scroll of poison {unknown}
Potions
 n - 2 potions of flight {unknown}
 q - a potion of lignification {unknown}
 s - 2 potions of magic {unknown}


   Skills:
 + Level 2.5 Fighting
 + Level 3.1 Maces & Flails
 + Level 2.3 Dodging
 + Level 0.4 Shields
 - Level 2.4 Spellcasting
 - Level 3.4 Conjurations


You had 6 spell levels left.
You knew the following spells:

 Your Spells              Type           Power      Damage    Failure   Level
a - Kiss of Death         Conj/Necr      28%        2d7       17%         1

Your spell library contained the following spells:

 Spells                   Type           Power      Damage    Failure   Level
 Momentum Strike          Conj/Tloc      14%        3d8       26%         2
 Sting                    Tmut/Pois      4%         1d3       34%         1
 Summon Small Mammal      Summ           4%         N/A       34%         1
 Poisonous Vapours        Pois/Air       2%         N/A       45%         2
 Hailstorm                Conj/Ice       7%         3d4       45%         3
 Call Canine Familiar     Summ           1%         N/A       71%         3
 Summon Guardian Golem    Hex/Summ       1%         N/A       71%         3
 Olgreb's Toxic Radiance  Pois           1%         N/A       98%         4


Dungeon Overview and Level Annotations

Branches:
Dungeon (3/15)

Altars:
Dithmenos
Hepliaklqana

Annotations:
D:3 2 runed translucent doors, Jackthecabe's ghost, weakling DgCj


Innate Abilities, Weirdness & Mutations

You have a pair of small horns on your head.


Message History

t - a +0 pair of boots You start putting on your armour.
You continue putting on your +0 pair of boots. x4
You finish putting on your +0 pair of boots.
Okay, then.
You open the door. 3 orcs come into view.
The orc shouts! x2
You completely miss the orc. You headbutt the orc.
The orc is almost dead.
The orc hits you with a +0 dagger. The orc barely misses you.
You hit the orc.
You kill the orc!
Dithmenos accepts your kill.
You closely miss the orc. Your headbutt misses the orc.
The orc hits you but does no damage.
You barely miss the orc. Your headbutt misses the orc.
The orc closely misses you.
You closely miss the orc. You headbutt the orc, but do no damage.
The orc hits you with a +0 war axe.
The orc hits you from afar with a +0 trident.
The orc closely misses you. x2
You closely miss the orc. The orc barely misses you. x2
You hit the orc but do no damage. Your headbutt misses the orc.
The orc hits you with a +0 war axe. You block the orc's attack.
You hit the orc.
The orc is heavily wounded.
The orc hits you with a +0 war axe.
The orc hits you from afar with a +0 trident.
The orc barely misses you. x2
You hit the orc. You headbutt the orc, but do no damage.
The orc is severely wounded.
The orc hits you with a +0 war axe.
* * * LOW HITPOINT WARNING * * *
The orc hits you from afar with a +0 trident.
* * * LOW HITPOINT WARNING * * *
You hit the orc but do no damage.
The orc is severely wounded.
The orc hits you from afar with a +0 trident.
You die...

..... ... ... ... #.#
### #o# ..# ##)## #.#
##.@o## ####.#
##.....##
##.##.###.......##
#####>..#.##.........#
...........'.....)...+
#####...#.##.........#
##.##.###.......##
....... ##.....##
#.###.#.# ##...##


You could see 2 orcs.

Vanquished Creatures
  3 adders
  A dart slug (D:2)
  3 orcs (D:3)
  4 endoplasms
  2 giant cockroaches
  3 goblins (D:1)
  4 hobgoblins
  A quokka (D:2)
  A ball python (D:1)
  5 bats
  2 frilled lizards
  5 kobolds
  9 rats
43 creatures vanquished.

Notes
Turn   | Place    | Note
-------+----------+-------------------------------------------
     0 | D:1      | Khashishi the Demonspawn Reaver began the quest for the
                  | Orb.
     0 | D:1      | Reached XP level 1. HP: 16/16 MP: 3/3
    25 | D:1      | Found a faded altar of an unknown god.
    30 | D:1      | Prayed at the altar of an unknown god.
    30 | D:1      | Became a worshipper of Dithmenos the Shadowed
    30 | D:1      | Reached * piety under Dithmenos
   125 | D:1      | Gained mutation: You have a pair of small horns on your
                  | head. [demonic ancestry]
   125 | D:1      | Reached XP level 2. HP: 16/21 MP: 5/5
   567 | D:2      | Reached XP level 3. HP: 19/21 MP: 4/6
   638 | D:2      | Reached ** piety under Dithmenos
  1104 | D:3      | Found a large runed translucent door.
  1104 | D:3      | Found a large runed translucent door.
  1105 | D:3      | Noticed Jackthecabe's ghost (weakling DgCj)
  1261 | D:3      | Found a hazy altar of Hepliaklqana.
  1432 | D:3      | Reached XP level 4. HP: 24/25 MP: 7/7
  1470 | D:3      | Slain by an orc

Illustrated notes

Levels and vault maps discovered:
D:1:      lightli_arrival_noodles, layout_rooms, ebering_ecumenical_altar_hall,
          minmay_misc_feat_five
D:2:      layout_loops_cross
D:3:      layout_loops_corners, amcnicky_altar_gilded,
          minmay_overflow_temple_star_hex, ebering_ghost_disaster_area

Skill      XL: |  1  2 |
---------------+-------+-----
Dodging        | 2 |  2.3
Maces & Flails | 3 |  3.1
Fighting       | |  2.5
Shields        | |  0.4
Spellcasting   | |  2.4
Conjurations   | |  3.4

Action                   |  1- 3 |  4- 6 || total
-------------------------+-------+-------++-------
Melee: Mace              |    96 |    11 ||   107
       Headbutt          |    10 |     3 ||    13
Throw: Stone             |     2 |       ||     2
 Cast: Kiss of Death     |     6 |       ||     6
 Stab: Sleeping          |     1 |       ||     1
Armor: Leather armour    |    22 |     1 ||    23
Dodge: Dodged            |    51 |     8 ||    59
Block: Buckler           |     7 |     1 ||     8

Table legend: (Time is in decaauts)
 A = Elapsed time spent in this place.
 B = Non-inter-level travel time spent in this place.
 C = Inter-level travel time spent in this place.
 D = Time resting spent in this place.
 E = Time spent auto-exploring this place.
 F = Levels seen in this place.
 G = Mean time per level.
                   A        B        C        D        E       F      G
               +--------+--------+--------+--------+--------+-----+--------+
         Total |   1497 |   1484 |     13 |      0 |    819 |   3 |  499.0 |
       Dungeon |   1497 |   1484 |     13 |      0 |    819 |   3 |  499.0 |
               +--------+--------+--------+--------+--------+-----+--------+

Top non-repeatable levels by time:
     D:2: 654 daAuts
     D:1: 469 daAuts
     D:3: 373 daAuts
